 Dungeon Crawl Stone Soup version 0.31-a0-1009-g454b1f1e0a (webtiles) character file.

Game seed: 10887256561596778280

144 Azuregosa the Covert (level 5, -1/36 HPs)
             Began as an Octopode Delver on Nov 15, 2023.
             Slain by a goblin
             ... wielding a +1 dagger of venom
             ... led by Robin
              (2 damage)
             ... on level 2 of the Dungeon.
             The game lasted 00:07:10 (2145 turns).

Azuregosa the Covert (Octopode Delver)              Turns: 2145, Time: 00:07:11

Health: -1/36      AC:  1    Str: 11    XL:     5   Next: 26%
Magic:  5/5        EV: 13    Int: 15    God:
Gold:   232        SH:  0    Dex: 13    Spells: 0/4 levels left

rFire   . . .        h - +0 falchion
rCold   . . .        (no shield)
rNeg    . . .        (helmet restricted)
rPois   .            (no amulet)
rElec   .            (no ring)
rCorr   .            (no ring)
SInv    .            (no ring)
Will    .....        (no ring)
Stlth   +++++        (no ring)
HPRegen 0.26/turn    (no ring)
MPRegen 0.09/turn    (no ring)
                     (no ring)

%: no passive effects
@: no status effects
A: almost no armour, amphibious, 8 rings, camouflage 1, gelatinous body 1,
(nimble swimmer 1), tentacles
a: no special abilities


You were on level 2 of the Dungeon.
You visited 1 branch of the dungeon, and saw 6 of its levels.

You collected 232 gold pieces.

Inventory:

Hand Weapons
 h - a +0 falchion (weapon)
 u - a +1 dagger of pain
Missiles
 j - 3 javelins
 n - 5 poisoned darts
 p - 28 stones
 q - 2 boomerangs
Magical Staves
 x - a staff of cold
Jewellery
 r - an amulet of the acrobat
 w - a ring of magical power
Wands
 f - a wand of digging (3)
 m - a wand of iceblast (4)
Scrolls
 b - a scroll of fog
 c - a scroll of vulnerability {unknown}
 d - a scroll of fear
 g - 8 scrolls of identify {unknown}
 k - 2 scrolls of poison {unknown}
 o - a scroll of teleportation {unknown}
 s - a scroll of enchant weapon {unknown}
 t - a scroll of brand weapon {unknown}
 v - a scroll of blinking {unknown}
Potions
 a - a potion of degeneration {unknown}
 e - 2 potions of haste
 i - 2 potions of heal wounds {unknown}
 l - 3 potions of curing {unknown}


   Skills:
 - Level 3.0 Fighting
 - Level 2.0 Axes
 - Level 2.0 Dodging
 + Level 9.7 Stealth


You couldn't memorise any spells.
You knew the following spells:

 Your Spells              Type           Power      Damage    Failure   Level
a - Cause Fear            Hex            0%         N/A       95%         4

Your spell library contained the following spells:

 Spells                   Type           Power      Damage    Failure   Level
 Fireball                 Conj/Fire      0%         3d3       100%        5
 Dragon's Call            Summ           0%         N/A       100%        9


Dungeon Overview and Level Annotations

Branches:
Dungeon (6/15)
 Temple: D:4-7

Altars:

Shops:
D:5 [

Annotations:
D:2 Robin


Innate Abilities, Weirdness & Mutations

You cannot wear most types of armour.
You are amphibious.
You can wear up to eight rings at the same time.
Your skin changes colour to match your surroundings (Stealth+).
Your rubbery body absorbs attacks. (AC +1, EV +1)
((You are camouflaged when in or above water. (Stealth+)))
You have tentacles for arms and can constrict up to eight enemies at once.


Message History

The goblin no longer looks unusually strong.
The hobgoblin no longer looks unusually strong.
The goblin hits you but does no damage. The goblin misses you.
You hit the goblin.
You kill the goblin!
Robin roars a battlecry!
The goblins go into a battle-frenzy!
The hobgoblin misses you.
You barely miss the hobgoblin. Your grab misses the hobgoblin.
The hobgoblin misses you.
Robin roars a battlecry!
You closely miss the hobgoblin. Your grab misses the hobgoblin.
Your squeeze misses the hobgoblin. The hobgoblin closely misses you.
You hit the hobgoblin. You grab the hobgoblin. You squeeze the hobgoblin.
You kill the hobgoblin!
You completely miss the hobgoblin. You grab the hobgoblin.
Your squeeze misses the hobgoblin. You constrict the hobgoblin.
Robin throws the goblin at you! The hobgoblin hits you.
The goblin hits you with a +0 dagger.
You hit the hobgoblin.
The hobgoblin is heavily wounded.
You constrict the hobgoblin. The hobgoblin misses you.
The goblin closely misses you.
A hobgoblin comes into view.
You hit the hobgoblin.
You kill the hobgoblin!
The goblin hits you with a +0 dagger. The hobgoblin hits you.
* * * LOW HITPOINT WARNING * * *
You hit the goblin.
You kill the goblin!
Robin closely misses you. The hobgoblin closely misses you.
You barely miss the hobgoblin. Your grab misses the hobgoblin.
Robin closely misses you. The hobgoblin barely misses you.
Robin throws the goblin at you!
* * * LOW HITPOINT WARNING * * *
You barely miss the goblin. Your grab misses the goblin.
The hobgoblin hits you!
* * * LOW HITPOINT WARNING * * *
The goblin hits you with a +1 dagger of venom.
You die...

................# ###...#####
.#...g..g..._...# ##...#......
.###....#g#.....# ###....#...###
. #.#.##.#.....# ....#.####..#.
.###....g.# #.### ###....#.....#
..........###.####.# ##...#......
##.#..)............# #......###..
#............########.....## ##.
#..##.......ggg@g.........# #.
........###.###########....#####.
##............ #..†.......
##.###.###.### #..)....... #.#
#.# #.# ##.######## #.# #.# #.#
#.# #.# ##.###.###.# #.#
#.####### #...........# #.#
#.......## ...........<# #.#
#######...


You could see Robin, 2 hobgoblins and a goblin (strong).

Vanquished Creatures
  A hound (D:5)
  Jessica (D:2)
  2 adders
  2 dart slugs (D:2)
  2 orcs (D:3)
  5 endoplasms
  7 giant cockroaches
  8 goblins
  6 hobgoblins
  6 kobolds
  4 quokkas
  3 ball pythons
  6 bats
  3 frilled lizards
  2 rats
58 creatures vanquished.

Notes
Turn   | Place    | Note
-------+----------+-------------------------------------------
     0 | D:5      | Azuregosa the Octopode Delver began the quest for the Orb.
     0 | D:5      | Reached XP level 1. HP: 16/16 MP: 1/1
    81 | D:4      | Reached skill level 7 in Stealth
   202 | D:5      | Reached XP level 2. HP: 21/21 MP: 2/2
   332 | D:4      | Noticed an ogre
   383 | D:5      | Found Nydaenon's Antique Armour Shoppe.
   459 | D:5      | Reached skill level 8 in Stealth
   459 | D:5      | Reached XP level 3. HP: 8/26 MP: 3/3
   773 | D:2      | Reached XP level 4. HP: 30/31 MP: 4/4
  1216 | D:1      | Reached skill level 9 in Stealth
  1576 | D:5      | Noticed an ogre
  1965 | D:2      | Noticed Jessica
  1973 | D:2      | Killed Jessica
  1974 | D:2      | Reached XP level 5. HP: 22/36 MP: 5/5
  2033 | D:2      | Learned a level 4 spell: Cause Fear
  2084 | D:2      | Found a faded altar of an unknown god.
  2113 | D:2      | Noticed Robin
  2145 | D:2      | HP: 1/36 [hobgoblin[Robin] (7)]
  2145 | D:2      | Slain by a goblin

Illustrated notes

Levels and vault maps discovered:
D:1:      minmay_arrival_split_and_join, layout_loops_ring, minmay_tetromino_i4
D:2:      layout_loops_ring, basic_ecumenical_altar, corexii_leaking_fountain,
          uniq_robin, uniq_jessica
D:3:      layout_basic, mainiacjoe_overflow_alcove_2, due_unseen_surprise
D:4:      layout_cave_pools, temple_hall, uniq_grinder
D:5:      layout_basic, serial_shops, nicolae_shop_crystal,
          kennysheep_little_box
D:6:      layout_gridville, dreamdust_divine_triumvirate,
          ebering_ghost_reflecting_pool, kennysheep_generic_room_3

Skill      XL: |  1  2  3  4 |
---------------+-------------+-----
Stealth        | 7 8 9 |  9.7
Fighting       | |  3.0
Axes           | |  2.0
Dodging        | |  2.0

Action                     |  1- 3 |  4- 6 || total
---------------------------+-------+-------++-------
  Melee: Falchion          |    38 |    82 ||   120
         Constrict         |     5 |    20 ||    25
         Tentacles         |     4 |    15 ||    19
         Punch             |       |     1 ||     1
    Use: Scroll            |     1 |       ||     1
   Stab: Sleeping          |     6 |    17 ||    23
 Armour: Skin              |    21 |    52 ||    73
  Dodge: Dodged            |    24 |    64 ||    88

Table legend: (Time is in decaauts)
 A = Elapsed time spent in this place.
 B = Non-inter-level travel time spent in this place.
 C = Inter-level travel time spent in this place.
 D = Time resting spent in this place.
 E = Time spent auto-exploring this place.
 F = Levels seen in this place.
 G = Mean time per level.
                   A        B        C        D        E       F      G
               +--------+--------+--------+--------+--------+-----+--------+
         Total |   2184 |   2007 |    177 |    213 |    863 |   6 |  364.0 |
       Dungeon |   2184 |   2007 |    177 |    213 |    863 |   6 |  364.0 |
               +--------+--------+--------+--------+--------+-----+--------+

Top non-repeatable levels by time:
     D:1: 673 daAuts
     D:2: 585 daAuts
     D:4: 371 daAuts
     D:5: 317 daAuts
     D:3: 235 daAuts
     D:6: 1 daAuts
